 Dungeon Crawl Stone Soup version 0.30.0-15-g856e2d3f33 (webtiles) character file.

Game seed: 12150414973292636992

25 Chibi the Chiller (level 2, -2/12 HPs)
             Began as a Felid Ice Elementalist on May 18, 2023.
             Slain by Robin
             ... wielding a +4 dagger
              (8 damage)
             ... on level 2 of the Dungeon.
             The game lasted 00:02:05 (378 turns).

Chibi the Chiller (Felid Ice Elementalist)           Turns: 378, Time: 00:02:06

Health: -2/12      AC:  1    Str:  4    XL:     2   Next: 82%
Magic:  4/6        EV: 17    Int: 16    God:
Gold:   29         SH:  0    Dex: 16    Spells: 4/5 levels left
                                        Lives:  0   Deaths: 0

rFire   . . .        (weapon unavailable)
rCold   + . .        (shield unavailable)
rNeg    . . .        (body armour unavailable)
rPois   .            (helmet unavailable)
rElec   .            (cloak unavailable)
rCorr   .            (gloves unavailable)
SInv    +            (boots unavailable)
Will    .....        (no amulet)
Stlth   ++           i - ring of protection from cold
HPRegen 0.22/turn    (no ring)
MPRegen 0.10/turn

%: no passive effects
@: quick
A: very small, claws 1, fangs 3, see invisible, speed 1, shaggy fur 1, stealthy
paws, no weapons or thrown items, no armour, multi-lived
a: no special abilities


You were on level 2 of the Dungeon.
You visited 1 branch of the dungeon, and saw 2 of its levels.

You collected 29 gold pieces.

Inventory:

Jewellery
 i - a ring of protection from cold (left paw)
Scrolls
 b - a scroll of enchant armour {unknown}
 c - a scroll of teleportation {unknown}
 f - 2 scrolls of amnesia {unknown}
 g - a scroll of fear {unknown}
 h - a scroll of identify {unknown}
Potions
 d - a potion of brilliance {unknown}
 e - a potion of ambrosia


   Skills:
 * Level 0.3 Fighting
 * Level 2.8 Dodging
 * Level 2.7 Stealth
 * Level 0.4 Unarmed Combat
 * Level 2.2 Spellcasting
 * Level 4.1 Ice Magic


You had 4 spell levels left.
You knew the following spells:

 Your Spells              Type           Power      Damage    Failure   Level
a - Freeze                Ice            56%        1d7       3%          1

Your spell library contained the following spells:

 Spells                   Type           Power      Damage    Failure   Level
 Frozen Ramparts          Ice            28%        1d5       11%         3
 Ozocubu's Armour         Ice            14%        N/A       11%         3
 Ensorcelled Hibernation  Hex/Ice        16%        N/A       13%         2
 Passwall                 Tmut/Erth      0%         N/A       30%         2
 Swiftness                Air            1%         N/A       52%         3
 Vhi's Electric Charge    Tloc/Air       2%         N/A       52%         3
 Summon Ice Beast         Ice/Summ       8%         N/A       65%         4
 Arcjolt                  Conj/Air       0%         1d10      99%         5
 Maxwell's Capacitive Co  Air            0%         ∞         100%        8


Dungeon Overview and Level Annotations

Branches:
Dungeon (2/15)

Altars:

Annotations:
D:2 Robin


Innate Abilities, Weirdness & Mutations

You have sharp claws.
You have razor-sharp teeth.
You have supernaturally acute eyesight. (SInv)
You cover ground quickly. (Speed+)
You are covered in fur. (AC +1)
Your paws help you pounce on unaware monsters.
You are incapable of wielding weapons or throwing items.
You cannot wear armour.
You gain extra lives every three experience levels.


Message History

Aim: a goblin, wielding a +2 dagger of draining You freeze the goblin.
You kill the goblin!
You see here a +2 dagger of draining.
Items here: )))) †††††.
Things that are here:
a +0 dagger; a +0 sling; a goblin corpse
There is an open door here.
A goblin comes into view. It is wielding a +0 club.
Robin roars a battlecry!
The goblin goes into a battle-frenzy!
A goblin comes into view. It is wielding a +0 club.
The goblin shouts! x2; You hear a shout! x2
A goblin comes into view. It is wielding a +3 dagger.
A hobgoblin comes into view.
A goblin comes into view. It is wielding a +0 club.
There is an open door here.
Things that are here:
a +0 dagger; a +0 sling; a goblin corpse
Items here: )))) †††††.
Press: ? - help, v - describe, . - travel, g - get item
Here: Robin, wielding a +4 dagger, wearing a +0 animal skin and wearing a +0 helmet
Items here: a +0 dagger; a +0 sling; a goblin corpse.
The floor.
Aiming: Freeze (safe; 3% risk of failure)
Press: ? - help, Q - select action Shift-Dir - straight line, f - Robin
Aim: Robin, wielding a +4 dagger, wearing a +0 animal skin and wearing a +0 helmet You freeze Robin.
Robin is lightly wounded.
Robin says, "My goblins will feast on your bones."
Robin hits you with a +4 dagger.
Ouch! That really hurt!
Aiming: Freeze (safe; 3% risk of failure)
Press: ? - help, Q - select action Shift-Dir - straight line, f/p - Robin
Aim: Robin, wielding a +4 dagger, wearing a +0 animal skin and wearing a +0 helmet (lightly wounded)
You freeze Robin.
Robin is moderately wounded.
Robin hits you with a +4 dagger!
Ouch! That really hurt!
You die...

#.........#.#.#.###...####.
#.........#.########### ##
#.........#.##.........
#.........#.##.........
#............#.........
#.........#..#...≈≈≈≈≈
#.........##.#...≈≈#
#......)..##.#...≈#
#.........@g)'...≈#
..###...#######g..≈##
#.#... #...≈≈###≈ #.###.##
#...≈≈≈≈≈≈ #. #.#
#....gg... # #.# #.....g...
..# #......... #.#
##########


You could see Robin and a goblin (strong).

Vanquished Creatures
  A dart slug (D:2)
  An endoplasm (D:1)
  2 giant cockroaches
  6 goblins (D:2)
  2 hobgoblins
  3 jackals (D:1)
  A kobold (D:1)
  2 ball pythons (D:2)
  A bat (D:1)
  A rat (D:2)
20 creatures vanquished.

Notes
Turn   | Place    | Note
-------+----------+-------------------------------------------
     0 | D:1      | Chibi the Felid Ice Elementalist began the quest for the
                  | Orb.
     0 | D:1      | Reached XP level 1. HP: 7/7 MP: 4/4
   147 | D:1      | Reached XP level 2. HP: 11/11 MP: 3/6
   324 | D:2      | Noticed Robin
   336 | D:2      | Reached skill level 4 in Ice Magic
   378 | D:2      | Slain by Robin

Illustrated notes

Levels and vault maps discovered:
D:1:      saegor_arrival_fortress, layout_loops_corners, serial_glass,
          glass_columns_b, glass_columns_b, minmay_misc_feat_tiny,
          roderic_serpentine_path, minmay_small_reverse_x
D:2:      layout_loops_ring, hellmonk_ecumenical_altar_leap_of_faith,
          kennysheep_path_1, uniq_robin, uniq_terence

Skill      XL: |  1  2 |
---------------+-------+-----
Ice Magic      | 4 |  4.1
Fighting       | |  0.3
Dodging        | |  2.8
Stealth        | |  2.7
Unarmed Combat | |  0.4
Spellcasting   | |  2.2

Action                     || total
---------------------------++-------
  Melee: Unarmed           ||     5
         Bite              ||     1
   Cast: Freeze            ||    28
    Use: Potion            ||     2
   Stab: Sleeping          ||     1
  Dodge: Dodged            ||    18
